 Dungeon Crawl Stone Soup version 0.27-a0-972-gd1521fd518 (webtiles) character file.

Game seed: 14588578152884537575

129 Alarkh the Insei (level 4, -2/33 HPs)
             Began as a Demonspawn Transmuter on Apr 13, 2021.
             Slain by an orc wizard
             ... wielding a +0 dagger
              (4 damage)
             ... on level 3 of the Dungeon.
             The game lasted 00:02:36 (2523 turns).

Alarkh the Insei (Demonspawn Transmuter)            Turns: 2523, Time: 00:02:36

Health: -2/33      AC:  2    Str: 11    XL:     4   Next: 88%
Magic:  8/8        EV: 12    Int: 15    God:
Gold:   37         SH:  0    Dex: 13    Spells: 7/8 levels left

rFire    . . .     SeeInvis .     - Unarmed
rCold    . . .     Faith    .   (no shield)
rNeg     . . .     Spirit   .   a - +0 robe
rPois    .         Reflect  .   (helmet currently unavailable)
rElec    .         Harm     .   (no cloak)
rCorr    .         Rampage  .   (no gloves)
Will     .....                  (boots currently unavailable)
Stlth    +.........             (no amulet)
HPRegen  0.11/turn              (no ring)
MPRegen  0.11/turn              (no ring)

@: lethally poisoned (-2 -> -5), appendages (expiring)
A: horns 2, talons 2, claws 1
a: End Transformation


You were on level 3 of the Dungeon.
You had temporarily grown beastly horns and talons.
You visited 1 branch of the dungeon, and saw 3 of its levels.

You collected 37 gold pieces.

Inventory:

Armour
 a - a +0 robe (worn)
Magical Staves
 e - a staff of death
Scrolls
 b - a scroll of noise
 c - a scroll of teleportation
 f - a scroll of identify {unknown}


   Skills:
 + Level 2.2 Fighting
 - Level 1.7 Dodging
 * Level 3.8 Unarmed Combat
 + Level 2.7 Spellcasting
 + Level 2.5 Transmutations


You had 7 spell levels left.
You knew the following spells:

 Your Spells              Type           Power      Damage    Failure   Level
a - Beastly Appendage     Tmut           18%        N/A       7%          1

Your spell library contained the following spells:

 Spells                   Type           Power      Damage    Failure   Level
 Wereblood                Tmut           9%         N/A       11%         2
 Spider Form              Tmut/Pois      2%         N/A       36%         3
 Confusing Touch          Hex            2%         N/A       52%         3
 Gell's Gravitas          Tloc           1%         N/A       52%         3
 Ice Form                 Ice/Tmut       5%         N/A       77%         4
 Petrify                  Tmut/Erth      5%         N/A       77%         4
 Hydra Form               Tmut           4%         N/A       89%         5
 Yara's Violent Unravell  Hex/Tmut       2%         3d3       98%         5
 Metabolic Englaciation   Hex/Ice        1%         N/A       99%         5


Dungeon Overview and Level Annotations

Branches:
Dungeon (3/15)

Altars:


Innate Abilities, Weirdness & Mutations

You have temporarily grown beastly horns and talons.
You have sharp fingernails.


Message History

Deactivating autopickup; reactivate with Ctrl-A.
You scratch the orc.
The orc is almost dead.
Your transformation is almost over.
The orc closely misses you.
You hear some strange, mumbled words.
You are confused.
You are too confused!
You are too confused!
You are too confused!
You are too confused!
You are too confused!
You are too confused!
You are too confused!
You are too confused!
You are too confused!
You are too confused!
You are too confused!
You bump into the closed door.
An orc opens the door.
Found a potion of curing.
A frilled lizard and an adder come into view.
You are too confused!
The adder hisses angrily.
You hear some strange, mumbled words.
The adder bites you.
You are poisoned.
The adder poisons you!
There is an open door here.
You bump into the rock wall.
You feel sick. The orc hits you with a +0 hand axe. The adder bites you.
It was a potion of magic.
Magic courses through your body.
You feel sick. The orc hits you with a +0 hand axe.
* * * LOW HITPOINT WARNING * * *
The adder misses you.
You hear some strange, mumbled words.
You bump into the rock wall.
You feel less confused.
You feel sick. The orc barely misses you. The adder bites you.
* * * LOW HITPOINT WARNING * * *
Something hits you.
You die...

#.#.##≈≈. #..#.####
##.##.# #.#.## #.≈.###
#.≈≈..# #########
#.≈#..#
#.{o....#####.#...#
.......#@#...#.......###
.####.##S##....#######
#.. .l.#....# ...
######.#.# ###. #...# .
+...# #. ##..# #..# #..#


You could see an adder, an orc and a frilled lizard.

Vanquished Creatures
  3 adders (D:2)
  4 gnolls
  An orc (D:3)
  4 endoplasms
  A giant cockroach (D:2)
  7 hobgoblins
  12 jackals
  4 quokkas
  5 ball pythons
  5 bats
  3 frilled lizards
  3 goblins
  3 kobolds
  7 rats
62 creatures vanquished.

Notes
Turn   | Place    | Note
-------+----------+-------------------------------------------
     0 | D:1      | Alarkh the Demonspawn Transmuter began the quest for the
                  | Orb.
     0 | D:1      | Reached XP level 1. HP: 15/15 MP: 3/3
    26 | D:1      | Found a faded altar of an unknown god.
   323 | D:1      | Gained mutation: You have sharp fingernails. [demonic
                  | ancestry]
   323 | D:1      | Reached XP level 2. HP: 8/21 MP: 1/5
   327 | D:1      | Reached skill level 3 in Unarmed Combat
   802 | D:1      | Reached XP level 3. HP: 24/26 MP: 4/6
  1737 | D:2      | Reached XP level 4. HP: 15/33 MP: 5/7
  2523 | D:3      | Slain by an orc wizard

Illustrated notes

Levels and vault maps discovered:
D:1:      nzn_arrival_crosshair, layout_basic,
          shapermc_ecumenical_altar_starsandcircs
D:2:      layout_rooms
D:3:      layout_basic, chequers_serial_rivers_small_b, corexii_hall_statues_x,
          minmay_divided_ellipse

Skill      XL: |  1  2  3  4 |
---------------+-------------+-----
Unarmed Combat | 3 |  3.8
Transmutations | 2 |  2.5
Fighting       | 2 |  2.2
Dodging        | |  1.7
Spellcasting   | |  2.7

Action                   |  1- 3 |  4- 6 || total
-------------------------+-------+-------++-------
Melee: Unarmed           |   108 |    59 ||   167
       Kick              |    20 |    14 ||    34
       Headbutt          |     8 |     7 ||    15
       Punch             |       |     1 ||     1
 Cast: Beastly Appendage |    32 |    16 ||    48
  Use: Potion            |     1 |     1 ||     2
       Scroll            |     1 |     1 ||     2
Armor: Robe              |    24 |     6 ||    30
Dodge: Dodged            |    73 |    33 ||   106

Table legend: (Time is in decaauts)
 A = Elapsed time spent in this place.
 B = Non-inter-level travel time spent in this place.
 C = Inter-level travel time spent in this place.
 D = Time resting spent in this place.
 E = Time spent auto-exploring this place.
 F = Levels seen in this place.
 G = Mean time per level.
                   A        B        C        D        E       F      G
               +--------+--------+--------+--------+--------+-----+--------+
         Total |   2515 |   2370 |    145 |    220 |   1754 |   3 |  838.3 |
       Dungeon |   2515 |   2370 |    145 |    220 |   1754 |   3 |  838.3 |
               +--------+--------+--------+--------+--------+-----+--------+

Top non-repeatable levels by time:
     D:1: 1646 daAuts
     D:2: 788 daAuts
     D:3: 80 daAuts
